 Seeded DCSS version 0.28-a0-863-g8cecda6153 (webtiles) character file.

Game seed: 20211117 (custom seed)

301 a11behringer the Chopper (level 6, -2/53 HPs)
             Began as a Hill Orc Fighter on Nov 17, 2021.
             Slain by a gnoll (4 damage)
             ... on level 3 of the Dungeon.
             The game lasted 00:08:15 (3400 turns).

a11behringer the Chopper (Hill Orc Fighter)         Turns: 3400, Time: 00:08:16

Health: -2/53      AC:  7    Str: 21    XL:     6   Next: 37%
Magic:  6/6        EV:  9    Int:  8    God:
Gold:   141        SH:  5    Dex: 10    Spells: 5/5 levels left

rFire   + . .      SeeInvis .   a - +0 war axe
rCold   + . .      Faith    .   c - +1 buckler
rNeg    . . .      Spirit   .   b - +0 scale mail
rPois   .          Reflect  .   (no helmet)
rElec   .          Harm     .   j - scarf {rC+ rF+}
rCorr   .          Rampage  .   (no gloves)
Will    .....                   (no boots)
Stlth   ..........              (no amulet)
HPRegen 0.17/turn               (no ring)
MPRegen 0.10/turn               (no ring)

@: no status effects
A: no striking features
a: no special abilities


You were on level 3 of the Dungeon.
You visited 1 branch of the dungeon, and saw 3 of its levels.

You collected 141 gold pieces.

Inventory:

Hand Weapons
 a - a +0 war axe (weapon)
Missiles
 e - 3 boomerangs (quivered)
 k - 17 poisoned darts
 p - 13 bolts
Armour
 b - a +0 scale mail (worn)
 c - a +1 buckler (worn)
 j - a scarf of resistance (worn)
Magical Staves
 t - a staff of fire
Jewellery
 r - a ring of wizardry
Scrolls
 g - 2 scrolls of magic mapping
 m - a scroll of silence {unknown}
 q - a scroll of amnesia
 s - a scroll of identify {unknown}
 u - a scroll of blinking {unknown}
Potions
 d - a potion of might
 f - a potion of attraction {unknown}
 h - a potion of curing {unknown}
 i - 2 potions of flight {unknown}
 l - a potion of ambrosia {unknown}
 n - a potion of degeneration {unknown}
 o - a potion of lignification {unknown}


   Skills:
 + Level 4.4 Fighting
 * Level 6.8 Axes
 + Level 4.4 Armour
 + Level 4.0 Shields


You had 5 spell levels left.
You didn't know any spells.
Your spell library contained the following spells:

 Spells                   Type           Power      Damage    Failure   Level
 Leda's Liquefaction      Hex/Erth       0%         N/A       100%        4
 Lee's Rapid Deconstruct  Erth           0%         3d5*      100%        5
 Statue Form              Tmut/Erth      0%         N/A       100%        6


Dungeon Overview and Level Annotations

Branches:
Dungeon (3/15)

Altars:


Message History

Things that are here:
a +0 spear; a gnoll corpse You closely miss the kobold.
The gnoll shouts!
The kobold closely misses you.
You miss the kobold. The kobold hits you but does no damage.
You hit the kobold.
The kobold is severely wounded.
The kobold hits you but does no damage.
The kobold hits you with a +0 short sword.
* * * LOW HITPOINT WARNING * * *
You slash the kobold!
You kill the kobold!
A gnoll comes into view. It is wielding a +0 spear.
The gnoll hits you but does no damage.
The gnoll shouts!
You slash the gnoll!
The gnoll is almost dead.
The gnoll hits you with a +0 spear.
* * * LOW HITPOINT WARNING * * *
You slash the gnoll!
You kill the gnoll!
You see here a +0 spear.
You barely miss the gnoll. The gnoll hits you with a +0 spear.
* * * LOW HITPOINT WARNING * * *
The gnoll closely misses you.
You barely miss the gnoll. You block the gnoll's attack.
You closely miss the gnoll. The gnoll hits you with a +0 spear.
* * * LOW HITPOINT WARNING * * *
You hit the gnoll.
The gnoll is moderately wounded.
The gnoll hits you with a +0 spear.
* * * LOW HITPOINT WARNING * * *
You hit the gnoll but do no damage.
The gnoll is moderately wounded.
The gnoll closely misses you.
You closely miss the gnoll.
The gnoll is moderately wounded.
The gnoll hits you but does no damage. The gnoll hits you with a +0 spear.
You die...

≈≈≈≈≈≈≈....≈≈≈≈≈≈≈≈≈≈≈≈≈≈≈≈≈≈≈≈≈≈
≈≈≈≈≈≈.....≈≈≈≈≈≈≈≈≈≈≈≈≈≈≈≈≈≈≈≈≈≈
########''#######################
......#....# #........)....
......#.(..# +......K(()K..
#######..).#########.........K...
)....#......#..........########..
)...)'......))....)....# ..
)....#......#).)@g.....# .
#######....#########........ .
......#....# +........
......#....# #....)....
############ ##########


You could see a gnoll.

Vanquished Creatures
  A kobold brigand (D:3)
  13 gnolls (D:3)
  2 adders
  A worm (D:2)
  2 orcs (D:3)
  3 bats
  4 endoplasms
  A giant cockroach (D:1)
  6 goblins
  6 hobgoblins
  2 jackals (D:1)
  5 quokkas
  2 ball pythons (D:1)
  4 frilled lizards
  32 kobolds
  2 rats
86 creatures vanquished.

Notes
Turn   | Place    | Note
-------+----------+-------------------------------------------
     0 | D:1      | a11behringer the Hill Orc Fighter began the quest for the
                  | Orb.
     0 | D:1      | Reached XP level 1. HP: 19/19 MP: 1/1
    32 | D:1      | Reached XP level 2. HP: 20/27 MP: 2/2
   140 | D:1      | Reached skill level 3 in Axes
  1220 | D:1      | Reached XP level 3. HP: 33/33 MP: 3/3
  1671 | D:2      | Reached skill level 4 in Axes
  2148 | D:3      | Reached XP level 4. HP: 29/40 MP: 4/4
  2620 | D:3      | Reached skill level 5 in Axes
  2771 | D:3      | Noticed a kobold brigand
  2788 | D:3      | Killed a kobold brigand
  2789 | D:3      | Reached XP level 5. HP: 6/46 MP: 5/5
  3109 | D:3      | Reached skill level 6 in Axes
  3290 | D:3      | Reached XP level 6. HP: 32/53 MP: 6/6
  3397 | D:3      | HP: 2/53 [gnoll (5)]
  3400 | D:3      | Slain by a gnoll

Illustrated notes

Levels and vault maps discovered:
D:1:      evilmike_arrival_plus, layout_basic
D:2:      layout_basic
D:3:      minmay_goblin_kobold_castle, layout_loops_ring,
          nicolae_qazlal_eye_of_the_storm

Skill      XL: |  1  2  3  4  5  6 |
---------------+-------------------+-----
Axes           | 3 4 5 6 |  6.8
Fighting       | 4 |  4.4
Armour         | 4 |  4.4
Shields        | 4 |  4.0

Action                   |  1- 3 |  4- 6 || total
-------------------------+-------+-------++-------
Melee: War axe           |    98 |   120 ||   218
  Use: Scroll            |     5 |       ||     5
Armor: Scale mail        |    49 |    58 ||   107
Dodge: Dodged            |    61 |    58 ||   119
Block: Buckler           |    31 |    45 ||    76

Table legend: (Time is in decaauts)
 A = Elapsed time spent in this place.
 B = Non-inter-level travel time spent in this place.
 C = Inter-level travel time spent in this place.
 D = Time resting spent in this place.
 E = Time spent auto-exploring this place.
 F = Levels seen in this place.
 G = Mean time per level.
                   A        B        C        D        E       F      G
               +--------+--------+--------+--------+--------+-----+--------+
         Total |   3461 |   3019 |    442 |      0 |   2476 |   3 | 1153.7 |
       Dungeon |   3461 |   3019 |    442 |      0 |   2476 |   3 | 1153.7 |
               +--------+--------+--------+--------+--------+-----+--------+

Top non-repeatable levels by time:
     D:1: 1436 daAuts
     D:3: 1397 daAuts
     D:2: 627 daAuts
